 Dungeon Crawl Stone Soup version 0.23.0 (webtiles) character file.

Game seed: 5876555887568197714

15 tidbits the Charmwright (level 2, 26/26 HPs)
             Began as a Gnoll Skald on Feb 11, 2019.
             Quit the game on level 3 of the Dungeon.
             The game lasted 00:02:39 (349 turns).

tidbits the Charmwright (Gnoll Skald)                Turns: 349, Time: 00:02:39

Health: 26/26      AC:  3    Str: 13    XL:     2   Next: 50%
Magic:  6/7        EV: 14    Int: 15    God:
Gold:   14         SH:  0    Dex: 14    Spells: 5/10 levels left

rFire    . . .     SeeInvis .   a - +0 spear
rCold    . . .     Gourm    .   (no shield)
rNeg     . . .     Faith    .   b - +0 leather armour
rPois    .         Spirit   .   (no helmet)
rElec    .         Reflect  .   (no cloak)
rCorr    .         Harm     .   (no gloves)
MR       .....                  (no boots)
Stlth    ++........             (no amulet)
HPRegen  0.08/turn              c - ring of stealth
MPRegen  0.10/turn              (no ring)

@: infused
A: distributed training, fangs 1, strong nose
a: no special abilities


You were on level 3 of the Dungeon.
You were not hungry.

You visited 1 branch of the dungeon, and saw 3 of its levels.

You collected 14 gold pieces.

Inventory:

Hand Weapons
 a - a +0 spear (weapon)
 j - a +2 hand axe of flaming
   (You took it off an orc on level 3 of the Dungeon)
Armour
 b - a +0 leather armour (worn)
 h - a cursed -1 leather armour
 i - a +0 ring mail
Jewellery
 c - a ring of stealth (left hand)
   (You found it on level 1 of the Dungeon)
Scrolls
 f - a scroll of teleportation {unknown}
 k - a scroll of magic mapping {unknown}
Potions
 e - a potion of curing {unknown}
 g - a potion of flight {unknown}
Comestibles
 d - 2 rations


   Skills:
 + Level 4.5 Fighting
 + Level 0.4 Short Blades
 + Level 0.4 Long Blades
 + Level 0.4 Axes
 + Level 0.4 Maces & Flails
 + Level 4.5 Polearms
 + Level 0.4 Staves
 + Level 0.4 Slings
 + Level 0.4 Bows
 + Level 0.4 Crossbows
 + Level 0.4 Throwing
 + Level 2.5 Armour
 + Level 4.5 Dodging
 + Level 0.4 Stealth
 + Level 0.4 Shields
 + Level 0.4 Unarmed Combat
 + Level 4.9 Spellcasting
 + Level 0.2 Conjurations
 + Level 0.2 Hexes
 + Level 5.3 Charms
 + Level 0.2 Summonings
 + Level 0.2 Necromancy
 + Level 0.2 Translocations
 + Level 0.2 Transmutations
 + Level 0.2 Fire Magic
 + Level 0.2 Ice Magic
 + Level 0.2 Air Magic
 + Level 0.2 Earth Magic
 + Level 0.2 Poison Magic
 + Level 0.5 Invocations
 + Level 0.4 Evocations


You had 5 spell levels left.
You knew the following spells:

 Your Spells              Type           Power        Failure   Level  Hunger
g - Shroud of Golubria    Chrm/Tloc      ##........   10%         2    ##.....
i - Infusion              Chrm           ###.         2%          1    None
y - Song of Slaying       Chrm           ###.....     3%          2    ##.....

Your spell library contained the following spells:

 Spells                   Type           Power        Failure   Level  Hunger
 Regeneration             Chrm/Necr      ##........   21%         3    ###....
 Spectral Weapon          Hex/Chrm       ##......     21%         3    ###....


Dungeon Overview and Level Annotations

Branches:
Dungeon (3/15)

Altars:


Innate Abilities, Weirdness & Mutations

Your experience applies equally to all skills.
You have very sharp teeth.
Your uncanny sense of smell can sniff out nearby items.


Message History

The orc is heavily wounded.
You hit the orc.
The orc is almost dead.
The orc closely misses you.
You hit the orc.
You kill the orc!
Your magical infusion is running out.
Unknown command.
Things that are here:
a +0 club; a +0 ring mail Unknown command.
i - a +0 ring mail Unknown command.
There is a stone staircase leading down here.
You are no longer magically infusing your attacks.
Unknown command.
Unknown command.
Unknown command.
Found 10 gold pieces.
There is a stone staircase leading down here.
Casting: Infusion (safe; 2% risk of failure)
Confirm with . or Enter, or press ? or * to list all spells.
You begin infusing your attacks with magical energy.
You climb downwards.
The orc hits you with a +0 hand axe. The orc closely misses you.
The orc barely misses you.
There is a stone staircase leading up, spattered with blood here.
Things that are here:
a +0 leather armour; a +0 club; an orc corpse Unknown command.
You hit the orc.
The orc is moderately wounded.
The orc closely misses you.
You closely miss the orc.
The orc is moderately wounded.
The orc barely misses you. The orc misses you.
You hit the orc.
You kill the orc!
The orc hits you with a +2 hand axe of flaming.
The orc burns you.
You hit the orc!
You kill the orc!
No target in view!
No target in view!
No target in view!
Things that are here:
a +2 hand axe of flaming; an orc corpse
j - a +2 hand axe of flaming
Found a leather armour.
Unknown command.
Found a robe.
Your magical infusion is running out.
You are no longer magically infusing your attacks.
Found a stone staircase leading up.
There is a stone staircase leading up here.
You climb upwards.
There is a stone staircase leading down here.
Unknown command.
Unknown command.
You climb downwards.
There is a stone staircase leading up here.
Unknown command.
Magic restored.
Unknown command.
Memorise Song of Slaying, consuming 2 spell levels and leaving 7?
You start memorising the spell.
You continue memorising. x2
You finish memorising.
Spell assigned to 'y'.
Memorise Shroud of Golubria, consuming 2 spell levels and leaving 5?
You start memorising the spell.
You continue memorising. x2
You finish memorising.
Spell assigned to 'g'.
A hobgoblin comes into view. It is wielding a -2 club.
Unknown command.
Casting: Infusion (safe; 2% risk of failure)
Confirm with . or Enter, or press ? or * to list all spells.
You begin infusing your attacks with magical energy.
Unknown command.
Magic restored.
Your magical infusion is running out.
You are no longer magically infusing your attacks.
Found a scroll labeled WUCUFACVIO.
You see here a scroll labeled WUCUFACVIO.
k - a scroll labeled WUCUFACVIO
Found 19 stones.
You see here 19 stones.
A leopard gecko comes into view.
Casting: Infusion (safe; 2% risk of failure)
Confirm with . or Enter, or press ? or * to list all spells.
You begin infusing your attacks with magical energy.
Unknown command.
Attack whom?
Press: ? - help, Dir - move target cursor, f - leopard gecko
Aim: a leopard gecko (clinging, resting)
You reach to attack!
The helpless leopard gecko fails to defend itself.
You hit the leopard gecko!
You kill the leopard gecko!
Found an escape hatch in the ceiling.
You see here a leopard gecko corpse.
Unknown command.
There is an escape hatch in the ceiling here.
Are you sure you want to abandon this character and quit the game? (Confirm with "yes".)

### #.# #.# #####.#
###### #.....#### #.@..#
#.#......# #.##.#
##.....[#.# #. #<#
........#.# #. #.#
........#.# #. #.#
###.....#.#####.##.#
........#........#†#####
#######.#.########.....#
#[#............#.#


There were no monsters in sight!

Vanquished Creatures
  A dart slug (D:1)
  A leopard gecko (D:3)
  4 orcs
  A giant cockroach (D:1)
  A rat (D:2)
8 creatures vanquished.

Notes
Turn   | Place    | Note
-------+----------+-------------------------------------------
     0 | D:1      | tidbits the Gnoll Skald began the quest for the Orb.
     0 | D:1      | Reached XP level 1. HP: 20/20 MP: 6/6
   161 | D:3      | Reached XP level 2. HP: 26/26 MP: 3/7
   256 | D:3      | Learned a level 2 spell: Song of Slaying
   259 | D:3      | Learned a level 2 spell: Shroud of Golubria
   349 | D:3      | Quit the game

Action                   || total
-------------------------++-------
Melee: Spear             ||    20
 Cast: Infusion          ||     8
 Stab: Sleeping          ||     2
Armor: Leather armour    ||     1
Dodge: Dodged            ||    12

Table legend:
 A = Turns spent in this place as a percentage of turns spent in the entire game.
 B = Non-inter-level travel turns spent in this place as a percentage of non-inter-level travel turns spent in the entire game.
 C = Inter-level travel turns spent in this place as a percentage of turns spent in this place.
 D = Turns resting spent in this place as a percentage of non-inter-level travel turns spent in this place.
 E = Turns spent auto-exploring this place as a percentage of non-inter-level travel turns spent in this place.
 F = Non-inter-level travel turns spent in this place divided by the number of levels of this place that you've seen.
                   A       B       C       D       E      F
               +-------+-------+-------+-------+-------+----------------------
         Total | 100.0 | 100.0 |   0.0 |   0.0 |   0.0 | 116.3
       Dungeon | 100.0 | 100.0 |   0.0 |   0.0 |   0.0 | 116.3
               +-------+-------+-------+-------+-------+----------------------

Table legend:
 A = Kills in this place as a percentage of kills in entire the game.
 B = Kills by you in this place as a percentage of kills by you in the entire game.
 C = Kills by friends in this place as a percentage of kills by friends in the entire game.
 D = Other kills in this place as a percentage of other kills in the entire game.
 E = Experience gained in this place as a percentage of experience gained in the entire game.
 F = Experience gained in this place divided by the number of levels of this place that you have seen.
                   A       B       C       D       E      F
               +-------+-------+-------+-------+-------+----------------------
         Total | 100.0 | 100.0 |   N/A |   N/A | 100.0 |   7.3
       Dungeon | 100.0 | 100.0 |   N/A |   N/A | 100.0 |   7.3
               +-------+-------+-------+-------+-------+----------------------

Levels and vault maps discovered:
D:1:      dpeg_arrival_simpleton_c, layout_loops_ring
D:2:      layout_loops_ring, first_ration, uniq_jessica
D:3:      layout_basic, grunt_gozag_statues, lemuel_round_altar
